Map: Lightshade LE

Players

PtitDrogo

  • Race: Protoss Protoss
  • Spawn Location: 5:00

Serral - Winner!

  • Race: Zerg Zerg
  • League: Grandmaster
  • Spawn Location: 11:00

Event: DreamHack SC2 Masters 2020 Winter

VOD

Have the link to the VOD?

Description

Time

  • Played on: Oct. 28, 2020, 2:03 p.m.
  • Length: 8:14

All games in this series

Show
View Real Time Build Order
Export as new Build Order

PtitDrogo Protoss 

Build Orders: 1 Gate Expand, Zealot Archon 

Get SALT Encoding   

  12  0:00  Probe  
  13  0:12  Probe  
  14  0:20  Pylon  
  14  0:24  Probe  
  15  0:29  Assimilator  
  15  0:38  Probe (Chrono Boost)  
  16  0:48  Probe (Chrono Boost)  
  16  0:49  Gateway  
  17  0:53  Probe (Chrono Boost)  
  18  1:04  Probe  
  19  1:16  Probe  
  20  1:24  Nexus  
  20  1:36  Cybernetics Core  
  21  1:42  Zealot (Chrono Boost)  
  22  1:54  Pylon  
  19  2:09  Adept (Chrono Boost)  
  20  2:28  Probe  
  16  2:43  Probe (Chrono Boost)  
  18  2:48  Probe (Chrono Boost)  
  20  2:52  Probe (Chrono Boost)  
  20  2:56  Adept, Probe (Chrono Boost)  
  22  2:59  Probe  
  23  3:08  Warp Gate  
  23  3:09  Probe (Chrono Boost)  
  23  3:12  Probe (Chrono Boost)  
  26  3:23  Probe x2 (Chrono Boost)  
  27  3:28  Stargate, Probe (Chrono Boost)  
  27  3:31  Probe  
  29  3:40  Probe  
  30  3:43  Probe  
  30  3:46  Zealot  
  33  3:52  Probe (Chrono Boost)  
  35  4:01  Probe (Chrono Boost)  
  36  4:03  Probe (Chrono Boost)  
  36  4:04  Assimilator  
  36  4:06  Assimilator  
  36  4:08  Probe (Chrono Boost)  
  36  4:09  Probe (Chrono Boost)  
  37  4:10  Gateway  
  38  4:19  Probe (Chrono Boost)  
  40  4:25  Probe (Chrono Boost)  
  40  4:27  Probe (Chrono Boost)  
  41  4:31  Probe (Chrono Boost)  
  41  4:33  Probe  
  41  4:39  Oracle (Chrono Boost)  
  41  4:43  Probe  
  41  4:44  Assimilator  
  41  4:45  Probe  
  46  4:51  Pylon x2  
  46  4:57  Gateway  
  46  5:09  Probe x2  
  46  5:10  Stalker x2  
  52  5:16  Pylon  
  52  5:21  Probe x2  
  54  5:27  Robotics Facility  
  54  5:30  Oracle (Chrono Boost)  
  54  5:33  Probe x2  
  59  5:38  Nexus  
  59  5:40  Pylon  
  59  5:45  Probe x2  
  59  5:46  Sentry  
  59  5:47  Zealot  
  65  5:57  Probe x2  
  65  6:01  Pylon  
  67  6:07  Forge, Twilight Council  
  67  6:09  Probe x2  
  69  6:14  Immortal (Chrono Boost)  
  73  6:21  Probe x2  
  75  6:28  Shield Battery  
  75  6:33  Probe x2  
  77  6:45  Probe x2  
  77  6:46  Templar Archives  
  79  6:55  Gateway  
  79  6:56  Gateway  
  79  6:57  Gateway, Probe x2  
  79  7:00  Probe  
  82  7:03  Observer  
  83  7:10  Probe x2  
  83  7:12  Pylon, Probe  
  83  7:14  Zealot x2  
  83  7:15  Zealot  
  92  7:22  Assimilator, Probe x2  
  94  7:24  Probe  
  94  7:26  Assimilator  
  95  7:35  Gateway  
  95  7:37  Gateway  
  98  7:38  Gateway  
  98  7:41  High Templar x2, Zealot, Immortal (Chrono Boost)  
  105  7:47  Archon  
  105  7:57  Stalker x2  
  109  8:01  Probe  
  109  8:05  Zealot x2  
Show
View Real Time Build Order
Export as new Build Order

Serral Zerg - Winner!

Build Orders: Pool First 

Get SALT Encoding   

  12  0:17  Spawning Pool  
  11  0:22  Drone  
  11  0:26  Drone  
  13  0:30  Drone  
  14  0:40  Overlord  
  14  1:03  Zergling x4  
  16  1:05  Zergling x2  
  19  1:15  Zergling x2  
  18  1:18  Hatchery  
  17  1:26  Zergling x2  
  18  1:37  Zergling x2  
  19  1:42  Queen  
  21  1:48  Zergling x2  
  22  1:58  Overlord  
  21  2:16  Drone  
  21  2:20  Queen  
  21  2:22  Drone  
  21  2:31  Drone  
  21  2:33  Drone  
  21  2:34  Queen  
  24  2:42  Drone x2  
  26  2:50  Drone  
  26  2:51  Drone x2  
  29  2:52  Drone  
  29  2:54  Drone  
  31  3:03  Overlord  
  31  3:06  Drone  
  32  3:13  Drone  
  32  3:15  Drone  
  32  3:16  Extractor  
  33  3:23  Hatchery  
  33  3:25  Drone  
  33  3:28  Drone  
  33  3:30  Drone  
  36  3:34  Drone  
  36  3:42  Drone  
  36  3:43  Drone x4  
  36  3:48  Overlord  
  41  3:52  Zergling x2  
  42  3:56  Queen  
  43  4:06  Overlord  
  43  4:07  Drone  
  43  4:08  Drone  
  43  4:09  Drone  
  46  4:10  Zergling x4  
  46  4:16  Zergling x2  
  49  4:18  Queen  
  51  4:24  Drone x4  
  51  4:27  Metabolic Boost  
  55  4:35  Queen  
  55  4:36  Drone x3  
  60  4:38  Spore Crawler  
  60  4:42  Drone, Spore Crawler  
  59  4:47  Drone x3  
  59  4:51  Spore Crawler  
  61  4:58  Lair, Roach Warren  
  60  5:00  Drone  
  60  5:01  Drone  
  60  5:04  Overlord  
  62  5:07  Zergling x2  
  62  5:08  Drone x2  
  62  5:10  Drone  
  66  5:16  Extractor  
  66  5:18  Extractor, Overlord  
  66  5:19  Drone x2, Evolution Chamber  
  66  5:21  Overlord  
  65  5:25  Overlord  
  65  5:30  Overlord  
  65  5:31  Drone  
  65  5:34  Overlord  
  65  5:37  Drone x2  
  65  5:38  Drone, Zergling x4  
  65  5:40  Drone x2  
  71  5:45  Overlord  
  71  5:46  Drone, Zerg Missile Weapons Level 1  
  71  5:47  Drone  
  73  5:52  Overlord  
  73  5:55  Glial Reconstitution  
  73  5:57  Drone x2, Extractor  
  73  5:59  Drone x2, Overseer  
  73  6:01  Drone  
  77  6:04  Drone x2  
  77  6:05  Drone  
  77  6:08  Overlord  
  77  6:09  Extractor  
  79  6:13  Overlord  
  87  6:25  Roach x4  
  87  6:26  Roach x4  
  87  6:28  Overlord  
  95  6:33  Roach x2  
  95  6:39  Roach x5  
  109  6:47  Overlord  
  109  6:52  Roach x5  
  109  6:53  Extractor  
  118  7:00  Nydus Network  
  117  7:02  Overseer  
  117  7:06  Roach x4  
  125  7:15  Roach x3  
  132  7:19  Hatchery  
  132  7:20  Ravager  
  132  7:24  Overlord  
  132  7:25  Roach x3  
  132  7:26  Roach x2  
  132  7:28  Roach  
  144  7:32  Roach x2  
  144  7:34  Roach  
  150  7:38  Nydus Canal  
  150  7:41  Roach, Zergling x4  
  154  7:45  Roach  
  154  7:46  Roach x2, Zergling x2  
  161  7:54  Nydus Canal  
Tags
 
Add a new tag
Caveats
  • Supply blocks, unpowered buildings, or Contaminate may cause inaccurate times.
  • Supply counts are checked every 10 seconds.